 Dungeon Crawl Stone Soup version 0.29-a0-701-g5b5c5c9 (webtiles) character file.

Game seed: 3447770793137808209

10 Meow the Conjurer (level 2, 22/22 HPs)
             Began as a Naga Conjurer on June 25, 2022.
             Quit the game on level 1 of the Dungeon.
             The game lasted 00:02:15 (482 turns).

Meow the Conjurer (Naga Conjurer)                    Turns: 482, Time: 00:02:16

Health: 22/22      AC:  1    Str:  9    XL:     2   Next: 20%
Magic:  5/5        EV:  9    Int: 18    God:
Gold:   12         SH:  0    Dex:  9    Spells: 4/5 levels left

rFire   . . .      SeeInvis +   a - +0 trident
rCold   . . .      Faith    .   (no shield)
rNeg    . . .      Spirit   .   f - +0 robe
rPois   +          Reflect  .   (no helmet)
rElec   .          Harm     .   (no cloak)
rCorr   .          Rampage  .   (no gloves)
Will    .....                   (no barding)
Stlth   ++........              (no amulet)
HPRegen 0.07/turn               (no ring)
MPRegen 0.09/turn               (no ring)

@: very slow
A: AC +0, large, see invisible, deformed body, poison resistance, slowness 2,
spit poison 1, naga tail 1
a: Spit Poison


You were on level 1 of the Dungeon.
You visited 1 branch of the dungeon, and saw 1 of its levels.

You collected 12 gold pieces.

Inventory:

Hand Weapons
 a - a +0 trident (weapon)
Missiles
 d - 5 stones
Armour
 f - a +0 robe (worn)
Scrolls
 e - a scroll of identify {unknown}
 h - a scroll of noise {unknown}
 i - a scroll of teleportation {unknown}
Potions
 b - a potion of magic
 c - a potion of lignification {unknown}
 g - a potion of degeneration {unknown}


   Skills:
 - Level 1.5 Dodging
 + Level 3.0 Stealth
 + Level 2.0 Spellcasting
 + Level 4.4 Conjurations


You had 4 spell levels left.
You knew the following spells:

 Your Spells              Type           Power      Damage    Failure   Level
a - Magic Dart            Conj           72%        1d6       2%          1

Your spell library contained the following spells:

 Spells                   Type           Power      Damage    Failure   Level
 Searing Ray              Conj           36%        2d5       4%          2
 Dazzling Flash           Conj/Hex       18%        N/A       22%         3
 Ozocubu's Armour         Ice            1%         N/A       47%         3
 Fulminant Prism          Conj/Hex       4%         3d6       56%         4
 Iskenderun's Mystic Bla  Conj/Tloc      9%         2d4       56%         4
 Ozocubu's Refrigeration  Ice            0%         4d5       100%        7


Dungeon Overview and Level Annotations

Branches:
Dungeon (1/15)

Altars:


Innate Abilities, Weirdness & Mutations

Your serpentine skin is tough. (AC +0)
You have supernaturally acute eyesight. (SInv)
Armour fits poorly on your strangely shaped body.
Your system is resistant to poisons. (rPois)
You cover ground very slowly.
You can spit poison.
You have a snake-like lower body.


Message History

Aim: a hobgoblin (severely wounded, poisoned, 100% to hit)
The magic dart hits the hobgoblin.
You kill the hobgoblin!
You have got your breath back.
You have reached level 2!
You start resting.
Magic restored.
You start resting.
HP restored.
There is a stone staircase leading down here.
You see here a hobgoblin corpse.
A dart slug comes into view.
A dart slug is nearby!
A dart slug is nearby!
Aiming: Spit Poison (2% risk of failure)
Press: ? - help, Shift-Dir - straight line, f - dart slug
Aim: a dart slug (asleep, 100% to hit)
The splash of poison hits the dart slug!
You kill the dart slug!
Unknown command.
You start waiting.
You have got your breath back.
A rat comes into view.
Aiming: Spit Poison (2% risk of failure)
Press: ? - help, Shift-Dir - straight line, f - rat
Aim: a rat (asleep, 100% to hit)
The splash of poison hits the rat!
You kill the rat!
Unknown command.
You start waiting.
You have got your breath back.
Found an escape hatch in the floor.
There is an escape hatch in the floor here.
Found a scroll labelled YNYKEDU MUWNAG.
Found Geagywuo's Antique Weapon Shoppe.
The shop is a mimic!
The shop mimic chuckles and vanishes in a puff of smoke!
i - a scroll labelled YNYKEDU MUWNAG You can't go down here!
Are you sure you want to abandon this character and quit the game? (Confirm with "yes".)

## #. #. ## #
#.#.##.# #.#
#.@..#.# #.#
##......# #.#
#.......# #.#
##.....#.##.#
##.##....###.#.#
#.......## ##..#####
#..####..###.......#
... #.#.#.######.#
## #.##>## #.#


There were no monsters in sight!

Vanquished Creatures
  A dart slug (D:1)
  An endoplasm (D:1)
  A hobgoblin (D:1)
  A quokka (D:1)
  A ball python (D:1)
  2 bats (D:1)
  2 rats (D:1)
9 creatures vanquished.

Notes
Turn   | Place    | Note
-------+----------+-------------------------------------------
     0 | D:1      | Meow the Naga Conjurer began the quest for the Orb.
     0 | D:1      | Reached XP level 1. HP: 15/15 MP: 3/3
   380 | D:1      | Reached XP level 2. HP: 17/22 MP: 1/5
   472 | D:1      | Found Geagywuo's Antique Weapon Shoppe.
   482 | D:1      | Quit the game

Illustrated notes

Levels and vault maps discovered:
D:1:      lightli_arrival_farm, layout_loops_ring,
          dilly_ecumenical_altar_fadedgnrine, serial_shops, shop

Action                   || total
-------------------------++-------
 Cast: Magic Dart        ||     7
 Abil: Spit Poison       ||     8
Armor: Robe              ||     1

Table legend: (Time is in decaauts)
 A = Elapsed time spent in this place.
 B = Non-inter-level travel time spent in this place.
 C = Inter-level travel time spent in this place.
 D = Time resting spent in this place.
 E = Time spent auto-exploring this place.
 F = Levels seen in this place.
 G = Mean time per level.
                   A        B        C        D        E       F      G
               +--------+--------+--------+--------+--------+-----+--------+
         Total |    649 |    649 |      0 |    139 |      0 |   1 |  649.0 |
       Dungeon |    649 |    649 |      0 |    139 |      0 |   1 |  649.0 |
               +--------+--------+--------+--------+--------+-----+--------+

Top non-repeatable levels by time:
     D:1: 649 daAuts
